 Dungeon Crawl Stone Soup version 0.20-b1 (webtiles) character file.

42 inmateoo the Stinger (level 3, 0/28 HPs)
             Began as a Naga Venom Mage on May 18, 2017.
             Slain by Robin
             ... wielding a +4 whip of electrocution
              (15 damage)
             ... on level 2 of the Dungeon.
             The game lasted 00:03:03 (1976 turns).

inmateoo the Stinger (Naga Venom Mage)              Turns: 1976, Time: 00:03:03

Health: 0/28       AC:  2    Str:  9 (10) XL:     3   Next: 56%
Magic:  0/6        EV: 10    Int: 12 (15) God:
Gold:   69         SH:  0    Dex:  9 (12) Spells: 4/7 levels left

rFire    . . .     SeeInvis +     - Unarmed
rCold    . . .     Gourm    .   (no shield)
rNeg     . . .     Faith    .   a - +0 robe
rPois    +         Spirit   .   (no helmet)
rElec    .         Reflect  .   (no cloak)
rCorr    .         Harm     .   (no gloves)
MR       .....                  (no barding)
Stlth    ++........             (no amulet)
Regen    0.1/turn               (no ring)
MPRegen  0.1/turn               (no ring)

@: very slightly contaminated, very slow
A: see invisible, deformed body, poison resistance, slowness 2, slow metabolism
1, spit poison 1, AC +1
a: Spit Poison


You were on level 2 of the Dungeon.
You were not hungry.

You visited 1 branch of the dungeon, and saw 2 of its levels.

You collected 69 gold pieces.

Inventory:

Armour
 a - a +0 robe (worn)
Potions
 e - a potion of flight {unknown}
 g - a potion of mutation {unknown}
 h - a potion of agility {unknown}
Books
 b - a Young Poisoner's Handbook

   Spells                             Type                      Level
   a - Sting                          Conjuration/Poison           1
   b - Poisonous Vapours              Poison/Air                   2
   c - Mephitic Cloud                 Conjuration/Poison/Air       3
   d - Olgreb's Toxic Radiance        Poison                       4
   e - Venom Bolt                     Conjuration/Poison           5
Comestibles
 c - 3 bread rations
 d - 2 meat rations
 f - a fruit
 i - a chunk of flesh


   Skills:
 + Level 1.7 Dodging
 - Level 3.0 Stealth
 * Level 1.3 Unarmed Combat
 * Level 2.5 Spellcasting
 + Level 1.2 Conjurations
 * Level 4.6 Poison Magic


You had 4 spell levels left.
You knew the following spells:

 Your Spells              Type           Power        Failure   Level  Hunger
a - Sting                 Conj/Pois      #...         8%          1    #......
b - Poisonous Vapours     Pois/Air       #.....       16%         2    ###....


Dungeon Overview and Level Annotations

Branches:
Dungeon (2/15)

Altars:

Annotations:
D:2 Robin


Innate Abilities, Weirdness & Mutations

You cannot wear boots.
Your serpentine skin is tough. (AC +1)
You have supernaturally acute eyesight. (SInv)
Armour fits poorly on your strangely shaped body.
Your system is resistant to poisons. (rPois)
You cover ground very slowly.
You have a slow metabolism.
You can spit poison.


Message History

Press: ? - help, Dir - move target cursor, f - Robin, p - goblin
Aim: Robin, wielding a whip of electrocution, wearing an animal skin and wearing a helmet Poisonous vapours surround Robin!
The goblin barely misses you.
Robin is engulfed in poison gas.
Robin is poisoned.
Robin hits you with a whip of electrocution.
A goblin comes into view. It is wielding a club.
Unknown command.
Unknown command.
Casting: Poisonous Vapours
Confirm with . or Enter, or press ? or * to list all spells.
Aiming: Sting
Press: ? - help, Shift-Dir - straight line, f/p - Robin
Aim: Robin, wielding a whip of electrocution, wearing an animal skin and wearing a helmet (heavily wounded, poisoned)
The sting hits Robin.
Robin appears unharmed.
Robin is heavily wounded.
The goblin shouts!
Robin hits you with a whip of electrocution.
You are electrocuted!
Ouch! That really hurt!
You die...

...............# ...............#
# #...#.## ###............# #.
#####...#... ..........g#####
#.###.......#... ...........#
#.P....P....#.#. ...........#
#..≈≈≈§.#...#.#. ......#..###
#..§≈§≈§#...#.#.
......#..g########.P§≈§§§#...#.#)
..........g)...g@g..§≈§≈......>..
.....##.#.########..§§§§§........
.....##.#.#####.......§#########.
.....'........'.....§§§§.......#.
.....##.##.####............###.#.
#. #.# #.)..........# #.#. # #.#
#............# #.#. #..
#####........# #.#. ##.
#........# #.#.


You could see Robin and 3 goblins.

Vanquished Creatures
  An ooze (D:1)
  A dart slug (D:1)
  4 leopard geckos
  A giant cockroach (D:1)
  6 goblins
  A hobgoblin (D:1)
  4 jackals (D:1)
  A ball python (D:1)
  5 bats (D:1)
  2 frilled lizards (D:1)
  2 kobolds
  A rat (D:1)
29 creatures vanquished.

Notes
Turn   | Place    | Note
-------+----------+-------------------------------------------
     0 | D:1      | inmateoo the Naga Venom Mage began the quest for the Orb.
     0 | D:1      | Reached XP level 1. HP: 15/15 MP: 3/3
   290 | D:1      | Reached XP level 2. HP: 22/22 MP: 3/5
   294 | D:1      | Learned a level 2 spell: Poisonous Vapours
   644 | D:1      | Reached skill level 1 in Unarmed Combat
  1197 | D:1      | Reached XP level 3. HP: 28/28 MP: 3/6
  1957 | D:2      | Noticed Robin
  1976 | D:2      | Slain by Robin

Skill      XL: |  1  2 |
---------------+-------+-----
Unarmed Combat | 1 |  1.3
Dodging        | |  1.7
Stealth        | |  3.0
Spellcasting   | |  2.5
Conjurations   | |  1.2
Poison Magic   | |  4.6

Action                   || total
-------------------------++-------
Melee: Unarmed           ||    91
 Cast: Sting             ||    34
       Poisonous Vapours ||     3
 Abil: Spit Poison       ||     3
  Use: Potion            ||     2
 Stab: Sleeping          ||     3
  Eat: Chunk             ||     3
Armor: Robe              ||    27
       Skin              ||     3
Dodge: Dodged            ||    84
